 Dungeon Crawl Stone Soup version 0.31.0-32-g396128a36d (webtiles) character file.

Game seed: 2571922991982334269

36066 Ahpoh the Ripper (level 13, -1/68 HPs)
             Began as a Felid Shapeshifter on Apr 17, 2024.
             Was an Initiate of Gozag.
             Killed by an exploding orc (12 damage)
             ... ignited by their inner flame
             ... on level 2 of the Orcish Mines.
             The game lasted 00:51:29 (19177 turns).

Ahpoh the Ripper (Felid Shapeshifter)              Turns: 19177, Time: 00:51:29

Health: -1/68      AC:  3    Str:  9    XL:     13   Next: 51%
Magic:  0/14       EV: 35    Int: 13    God:    Gozag
Gold:   4169       SH:  0    Dex: 25    Spells: 12/12 levels left
                                        Lives:  0   Deaths: 4

rFire   . .          .
                       - Unarmed
rCold   + . .        (shield unavailable)
rNeg    . . .        (body armour unavailable)
rPois   .            (helmet unavailable)
rElec   .            (cloak unavailable)
rCorr   .            (gloves unavailable)
SInv    +            (boots unavailable)
Will    +....        k - amulet of guardian spirit
Stlth   ++++++       r - +5 ring of evasion
HPRegen 0.31/turn    (no ring)
MPRegen 0.14/turn

%: guardian spirit
@: mighty, beast-form, gold aura
A: beast (slay +4), very small, claws 1, fangs 3, see invisible, shaggy fur 3,
stealthy paws, no weapons or thrown items, no armour, multi-lived, agile 1
a: Begin Untransformation, Renounce Religion, Potion Petition, Call Merchant,
Bribe Branch


You were on level 2 of the Orcish Mines.
You worshipped Gozag.
Gozag was most pleased with you.
You were a hulking beast.
You visited 4 branches of the dungeon, and saw 17 of its levels.
You also visited: Ossuary.

You collected 4233 gold pieces.
You paid 64 gold pieces to Gozag.

Inventory:

Jewellery
 i - an amulet of magic regeneration
 k - an amulet of guardian spirit (around neck)
 r - a +5 ring of evasion (left paw)
 A - an amulet of regeneration
Talismans
 b - a beast talisman
 c - a flux talisman
Wands
 e - a wand of flame (7)
 w - a wand of iceblast (1)
 B - a wand of light (6)
 D - a wand of mindburst (3)
Scrolls
 f - 2 scrolls of noise
 h - a scroll of torment
 l - 4 scrolls of revelation
 n - a scroll of fog
 p - 2 scrolls of vulnerability
 q - 2 scrolls of poison
 s - a scroll of immolation
 t - 3 scrolls of amnesia
 x - a scroll of fear
Potions
 a - 3 potions of lignification
 j - 2 potions of magic
 o - 2 potions of enlightenment
 u - 3 potions of curing
 v - a potion of mutation
 C - a potion of attraction {unknown}
 F - a potion of cancellation
Miscellaneous
 d - a condenser vane
 y - a phantom mirror (inert)


   Skills:
 * Level 7.8 Fighting
 * Level 12.4 Dodging
 * Level 12.2 Stealth
 * Level 16.4 Unarmed Combat
 + Level 1.0 Evocations
 * Level 7.5 Shapeshifting


You had 12 spell levels left.
You didn't know any spells.
Your spell library contained the following spells:

 Spells                   Type           Power      Damage    Failure   Level
 Magic Dart               Conj           0%         1d3       30%         1
 Necrotise                Necr           0%         1d4       30%         1
 Sandblast                Erth           0%         2d4       30%         1
 Shock                    Conj/Air       0%         1d3       30%         1
 Blink                    Tloc           0%         N/A       43%         2
 Call Imp                 Summ           0%         N/A       43%         2
 Ensorcelled Hibernation  Hex/Ice        0%         N/A       43%         2
 Gell's Gravitas          Tloc           0%         N/A       67%         3
 Passwall                 Erth           0%         N/A       67%         3
 Stone Arrow              Conj/Erth      0%         3d7       67%         3
 Swiftness                Air            0%         N/A       67%         3
 Teleport Other           Tloc           0%         N/A       67%         3
 Vampiric Draining        Necr           0%         2d6       67%         3
 Airstrike                Air            0%         2d(0-16)  97%         4
 Brom's Barrelling Bould  Conj/Erth      0%         2d3       97%         4
 Martyr's Knell           Necr/Summ      0%         N/A       97%         4
 Curse of Agony           Necr           0%         N/A       100%        5
 Dispersal                Tloc           0%         N/A       100%        6
 Sculpt Simulacrum        Ice/Alch       0%         N/A       100%        6
 Ozocubu's Refrigeration  Ice            0%         4d7       100%        7
 Polar Vortex             Ice            0%         N/A       100%        9


Dungeon Overview and Level Annotations

Branches:
Dungeon (13/15)            Temple (1/1) D:4            Lair (1/5) D:10
    Orc (2/2) D:10            Elf (0/3) Orc:2        Vaults (0/5) D:13
Ossuary (visited)

Altars:
Ashenzari
Cheibriados
Dithmenos
Elyvilon
Fedhas
Gozag
Hepliaklqana
Kikubaaqudgha
Makhleb
Nemelex Xobeh
Okawaru
Qazlal
Ru
Sif Muna
Trog
Uskayaw
Vehumet
Wu Jian
Xom
Yredelemnul
Zin
The Shining One

Shops:
D:3 :   D:8 (   D:10 ([   Orc:1 *   Orc:2 ?(

Annotations:
D:13 Azrael


Innate Abilities, Weirdness & Mutations

You are a hulking beast.
Your limbs bulge with bestial killing power. (Slay +4)
You have sharp claws.
You have razor-sharp teeth.
You have supernaturally acute eyesight. (SInv)
Your thick and shaggy fur keeps you warm. (AC +3, rC+)
Your paws help you pounce on unaware monsters.
You are incapable of wielding weapons or throwing items.
You cannot wear armour.
You gain extra lives every three experience levels.
You are agile. (Dex +4, Str/Int -1)


Message History

You feel very mighty all of a sudden. The orc misses you.
The orc completely misses you. Jorgrun closely misses you.
The orc completely misses you.
You feel much better. Jorgrun completely misses you.
The orc completely misses you. x4
Read: 2 scrolls of immolation
Press: ? - help, Q - select action, (/) - cycle Dir - look around, f - activate Look: Jorgrun, wielding a staff of earth and wearing a +0 robe (moderately wounded, susceptible)
As you read the scroll of immolation, it crumbles to dust.
The creatures around you are filled with an inner flame!
Jorgrun hits you with a staff of earth! The ground beneath you fractures!!
* * * LOW HITPOINT WARNING * * *
The orc completely misses you.
The orc hits you from afar with a +0 trident.
* * * LOW HITPOINT WARNING * * *
The orc completely misses you. The orc misses you. The orc closely misses you.
Blink to where?
Press: ? - help, Q - select action, (/) - cycle Dir - move target, p - Jorgrun
As you read the scroll of blinking, it crumbles to dust.
Aiming: Throw Flame
Press: ? - help, Q - select action, (/) - cycle Shift-Dir - straight line, f - orc
Aim: an orc, wielding a +0 falchion (translocational energy, inner flame, 68% to hit)
The puff of flame hits the orc!
The orc explodes!
The fiery explosion engulfs the orc!!!
The fiery explosion engulfs the orc!!
The fiery explosion engulfs Jorgrun!!
Flame seeps out of Jorgrun.
Jorgrun is heavily wounded.
The fiery explosion engulfs the orc!!
The fiery explosion engulfs the orc!!!
The orc explodes!
The fiery explosion engulfs Jorgrun!!!
Flame seeps out of Jorgrun.
Jorgrun is almost dead.
The orc explodes!
The fiery explosion engulfs the orc!!!
The fiery explosion engulfs Jorgrun!!
Jorgrun explodes!
The orc explodes! x3
You hear a shout!
You claw the orc!
The orc explodes!
The fiery explosion engulfs you!
You die...
Your body crumbles into a pile of gold.

#...#...###...^..... ##+#
#§§§§§###.......##. ##.#
##§§)§§##.........## ##.#
##.§§§§##..........# ##.###
#$...§.#........#.## .....#
#.$$..#.......##### #'##.#
####.§§§......###
).)#.######(.#.§§§..$...######
.(.#......'.)#..h§..$...##...###
####.####.#..#.$.......##......##
.....#..#.####$.......##........#
.....#..'.##8.............)......
..⌠..#()#..'..........)...)<)....
.....####.##8............)))....#
.).)......####.....$..##.......##
.#####.####..#.........##.....##
.#...#....'..#...#......##...##


There were no monsters in sight!

Vanquished Creatures
  Jorgrun (Orc:2)
  Erolcha (D:9)
  An ogre mage (D:13)
  3 boulder beetles
  A centaur warrior (D:8)
  4 two-headed ogres
  Nergalle (D:10)
  4 skeletal warriors (D:11)
  6 deep elf zephyrmancers
  2 cyclopes
  3 deep elf pyromancers (Orc:1)
  3 orc sorcerers (Orc:2)
  3 manticores
  3 kobold blastminers
  A meliai (shapeshifter) (D:11)
  The ghost of tdog the Covert, a novice SpBr of Okawaru (D:6)
  2 gargoyles
  A kobold demonologist (D:13)
  9 trolls
  A wolf spider simulacrum (D:12)
  2 hornets
  4 slime creatures (D:12)
  5 yaks
  4 wraiths
  A wyvern (D:11)
  5 wargs (Orc:2)
  The ghost of melchizedek the Insei, an amateur OpSh (D:5)
  4 water moccasins
  Edmund (D:5)
  An acid dragon (D:8)
  3 hell hounds (D:13)
  26 orc warriors
  A sky beast (D:6)
  A black bear (D:6)
  3 ice beasts
  15 ogres
  2 wolves (D:11)
  9 centaurs
  2 phantoms (D:5)
  A bullfrog (D:7)
  2 gnoll sergeants (D:7)
  15 scorpions
  11 wights (D:7)
  18 killer bees
  7 howler monkeys
  A bombardier beetle (D:4)
  2 centaur zombies (Ossuary)
  A hound (D:6)
  15 orc priests
  A human zombie (Ossuary)
  2 gnoll boudas
  A sleepcap (D:5)
  3 scorpion zombies (Ossuary)
  4 iguanas
  25 orc wizards
  3 mummies (Ossuary)
  15 gnolls
  12 adders
  A white imp (D:8)
  2 ufetubi (D:7)
  4 adder zombies (Ossuary)
  4 dart slugs
  3 ribbon worms (D:2)
  84 orcs
  9 endoplasms
  3 giant cockroaches
  2 gnoll zombies (Ossuary)
  5 goblins
  4 hobgoblins
  4 jackals (D:3)
  10 kobolds
  2 quokkas
  6 ball pythons
  9 bats
  5 frilled lizards
  2 jackal zombies (Ossuary)
  2 orc zombies (Ossuary)
  9 rats
450 creatures vanquished.

Vanquished Creatures (collateral kills)
  An orc warlord (Orc:2)
  An orc wizard (Orc:2)
  An orc (Orc:2)
3 creatures vanquished.

Vanquished Creatures (others)
  An orc wizard (D:12)
  An orc (Orc:1)
2 creatures vanquished.

Grand Total: 455 creatures vanquished

Notes
Turn   | Place    | Note
-------+----------+-------------------------------------------
     0 | D:1      | Ahpoh the Felid Shapeshifter began the quest for the Orb.
     0 | D:1      | Reached XP level 1. HP: 10/10 MP: 2/2
   140 | D:1      | Reached XP level 2. HP: 14/14 MP: 3/3
   322 | D:1      | Reached XP level 3. HP: 7/18 MP: 4/4
   421 | D:1      | Reached skill level 1 in Stealth
   949 | D:2      | Reached XP level 4. HP: 18/22 MP: 2/5
   949 | D:2      | Gained a life (2 lives remaining)
  1567 | D:2      | Reached skill level 4 in Unarmed Combat
  1904 | D:3      | Identified the +8 mace of an ice cave {flame, Will+}
  2238 | D:4      | Reached XP level 5. HP: 25/25 MP: 6/6
  2584 | D:3      | Found Voblum's Book Shop.
  2763 | D:4      | Found a staircase to the Ecumenical Temple.
  2770 | Temple   | Entered the Ecumenical Temple
  2788 | Temple   | Became a worshipper of Gozag Ym Sagoz the Greedy
  3629 | D:4      | Reached skill level 5 in Unarmed Combat
  3629 | D:4      | Gained mutation: You are covered in thick fur. (AC +2)
                  | [Felid growth]
  3629 | D:4      | Reached XP level 6. HP: 30/30 MP: 7/7
  4080 | D:5      | Entered Level 5 of the Dungeon
  4146 | D:5      | Noticed a gargoyle
  4147 | D:5      | Found a runed translucent gate.
  4147 | D:5      | Found a runed translucent gate.
  4152 | D:5      | Found a runed translucent gate.
  4152 | D:5      | Noticed melchizedek's ghost (amateur OpSh)
  4176 | D:5      | Found a white marble altar of Elyvilon.
  4332 | D:5      | Noticed Edmund
  4341 | D:5      | Killed Edmund
  4470 | D:5      | Reached XP level 7. HP: 14/35 MP: 2/8
  4616 | D:6      | Noticed tdog's ghost (novice SpBr)
  4628 | D:6      | Reached skill level 6 in Unarmed Combat
  4742 | D:6      | Found a runed translucent door.
  4907 | D:6      | Found a sand-covered staircase.
  4914 | Ossuary  | Entered an ossuary
  5103 | Ossuary  | Reached skill level 7 in Unarmed Combat
  5192 | Ossuary  | Reached skill level 5 in Dodging
  5192 | Ossuary  | Reached XP level 8. HP: 37/40 MP: 7/9
  5347 | Ossuary  | Reached skill level 5 in Stealth
  5409 | Ossuary  | Reached skill level 8 in Unarmed Combat
  6004 | D:5      | Found a glowing golden altar of the Shining One.
  6214 | D:5      | Found a blossoming altar of Fedhas.
  6505 | D:6      | Reached XP level 9. HP: 24/45 MP: 6/10
  6609 | D:6      | Reached skill level 9 in Unarmed Combat
  6808 | D:6      | Gained mutation: You occasionally lose the ability to read
                  | scrolls when taking damage. [potion of mutation]
  6808 | D:6      | Gained mutation: Your mind is acute. (Int +4, Str/Dex -1)
                  | [potion of mutation]
  6808 | D:6      | Lost mutation: You occasionally lose the ability to read
                  | scrolls when taking damage. [potion of mutation]
  6810 | D:6      | Lost mutation: Your mind is acute. (Int +4, Str/Dex -1)
                  | [potion of mutation]
  6810 | D:6      | Gained mutation: You are agile. (Dex +4, Str/Int -1)
                  | [potion of mutation]
  7084 | D:6      | Killed tdog's ghost
  7454 | D:7      | Reached skill level 5 in Shapeshifting
  7728 | D:6      | Reached skill level 10 in Unarmed Combat
  7749 | D:7      | Found an ornate altar of the Wu Jian Council.
  8146 | D:7      | Reached XP level 10. HP: 41/51 MP: 7/11
  8500 | D:8      | Found a snail-covered altar of Cheibriados.
  8941 | D:8      | Found Pimow's Antique Weapon Shoppe.
  8960 | D:8      | Reached skill level 11 in Unarmed Combat
  9046 | D:8      | Noticed a centaur warrior
  9051 | D:8      | Killed a centaur warrior
  9052 | D:8      | Reached skill level 5 in Fighting
  9741 | D:9      | Noticed Erolcha
  9751 | D:9      | Killed Erolcha
  9788 | D:9      | Paralysed by a hornet for 1 turns
  9795 | D:9      | Reached skill level 12 in Unarmed Combat
  9953 | D:9      | Noticed a gargoyle
  9965 | D:9      | Killed a gargoyle
 10165 | D:5      | Killed melchizedek's ghost
 10203 | D:5      | HP: 2/51 [gargoyle/+0 dire flail (20)]
 10206 | D:5      | Killed a gargoyle
 10207 | D:5      | Reached XP level 11. HP: 3/56 MP: 1/12
 10845 | D:9      | Found a broken altar of Ashenzari.
 10941 | D:10     | Entered Level 10 of the Dungeon
 10941 | D:10     | Noticed Nergalle
 10952 | D:10     | Killed Nergalle
 11121 | D:10     | Found a staircase to the Lair.
 11566 | D:10     | Found Monip's Weapon Shop.
 11567 | D:10     | Found a staircase to the Orcish Mines.
 11568 | D:10     | Found Tomom's Armour Shop.
 11753 | D:11     | Noticed a skeletal warrior
 11766 | D:11     | Slain by a skeletal warrior
 11766 | D:11     | Lost a life (1 life remaining)
 11810 | D:11     | You fall into a shaft and drop 1 floor!
 12048 | D:11     | Noticed a skeletal warrior
 12090 | D:11     | Noticed a boulder beetle
 12095 | D:11     | Killed a boulder beetle
 12096 | D:11     | Reached skill level 13 in Unarmed Combat
 12316 | D:11     | Noticed a skeletal warrior
 12316 | D:11     | Noticed a boulder beetle
 12342 | D:11     | Reached skill level 10 in Dodging
 12476 | D:11     | Noticed a skeletal warrior
 12514 | D:11     | Killed a skeletal warrior
 12517 | D:11     | Killed a skeletal warrior
 12518 | D:11     | Killed a skeletal warrior
 12552 | D:11     | Killed a skeletal warrior
 12755 | D:11     | Killed a boulder beetle
 12756 | D:11     | Reached skill level 10 in Stealth
 13242 | D:12     | Gained mutation: Your thick and shaggy fur keeps you warm.
                  | (AC +3, rC+) [Felid growth]
 13242 | D:12     | Reached XP level 12. HP: 56/62 MP: 13/13
 13242 | D:12     | Gained a life (2 lives remaining)
 13581 | D:12     | Reached skill level 1 in Evocations
 14136 | D:13     | Noticed a death knight
 14136 | D:13     | Noticed a centaur warrior
 14200 | D:13     | Noticed a two-headed ogre
 14206 | D:13     | Noticed an ogre mage
 14207 | D:13     | Found a gate to the Vaults.
 14207 | D:13     | Noticed a two-headed ogre
 14208 | D:13     | Killed a two-headed ogre
 14209 | D:13     | Reached skill level 14 in Unarmed Combat
 14210 | D:13     | Killed a two-headed ogre
 14218 | D:13     | Killed an ogre mage
 14491 | D:13     | Noticed Azrael
 14508 | D:13     | Noticed a boulder beetle
 14633 | D:13     | Killed a boulder beetle
 14642 | D:13     | HP: 4/94 [Azrael/+3 scimitar of flaming (7)]
 14645 | D:13     | Killed from afar by a laughing skull
 14645 | D:13     | Lost a life (1 life remaining)
 15126 | D:10     | Noticed a two-headed ogre
 15132 | D:10     | Killed a two-headed ogre
 15289 | D:10     | Found a shimmering blue altar of Sif Muna.
 15726 | Lair:1   | Entered Level 1 of the Lair of Beasts
 15745 | Orc:1    | Entered Level 1 of the Orcish Mines
 15805 | Orc:1    | Reached skill level 15 in Unarmed Combat
 16423 | Orc:1    | Noticed a two-headed ogre
 16434 | D:10     | Killed a two-headed ogre
 16525 | Orc:1    | HP: 1/63 [fire elemental[a deep elf pyromancer] (11)]
 16525 | Orc:1    | Slain by a fire elemental
 16525 | Orc:1    | Lost a life (0 lives remaining)
 16897 | Orc:1    | Reached XP level 13. HP: 62/67 MP: 14/14
 16897 | Orc:1    | Gained a life (1 life remaining)
 17173 | Orc:1    | Found Darog's General Store.
 17384 | Orc:2    | Entered Level 2 of the Orcish Mines
 17407 | Orc:2    | Noticed Jorgrun
 18109 | Orc:2    | Found a staircase to the Elven Halls.
 18595 | Orc:2    | Reached skill level 16 in Unarmed Combat
 18737 | Orc:2    | Found Inoodd's Weapon Shop.
 18757 | Orc:2    | Slain by a red devil
 18757 | Orc:2    | Lost a life (0 lives remaining)
 18798 | Orc:2    | Found Ajujyram's Magic Scroll Boutique.
 18845 | Orc:2    | Noticed an orc warlord
 18867 | Orc:2    | Killed an orc warlord
 19174 | Orc:2    | Killed Jorgrun
 19177 | Orc:2    | Killed by an exploding orc... ignited by their inner flame

Illustrated notes

Levels and vault maps discovered:
D:1:      roderic_chinese_lattice_arrival, layout_basic,
          nicolae_figureground_sparkle
D:2:      minmay_diamond_boxcup, layout_basic
D:3:      layout_basic, serial_shops, nicolae_shop_real_fake_doors,
          kennysheep_generic_room_11
D:4:      layout_layer_cave, minmay_temple_entry_overgrown,
          kennysheep_generic_room_8
D:5:      layout_basic, mainiacjoe_overflow_catwalk, tso_altar,
          lemuel_coloured_pillars_altar, gammafunk_ghost_split, uniq_edmund
D:6:      layout_basic, nicolae_ossuary_entry_monument,
          hellmonk_ghost_happy_afterlife, minmay_misc_feat_x
D:7:      minmay_flawed_box, layout_rooms, amcnicky_altar_gilded
D:8:      minmay_thick_lines, layout_gridville, kennysheep_slug_shrine,
          serial_glass, glass_columns_b, glass_columns_c, serial_shops,
          nicolae_shop_tiny_real_fake_doors, minmay_orc_keep
D:9:      layout_roguey, ashenzari_conservatory_becter, uniq_erolcha
D:10:     layout_loops_ring, lemuel_doored_altar, erik_lair_orcish_takeover,
          orc_david_3, uniq_nergalle
D:11:     layout_rooms, nicolae_sextant
D:12:     layout_irregular_city
D:13:     layout_cave_pools, david_vaults_2, grunt_ministairs_10, uniq_azrael
Temple:   regret_index_temple_generic_petals
Lair:1:   layout_regular_city, gammafunk_ghost_hydra_chop, grunt_megastairs_3,
          infiniplex_staircase_pool
Orc:1:    layout_caves, serial_shops, nicolae_shop_window_shopping,
          elves_outpost_lemuel
Orc:2:    pubby_orc_utopia, serial_shops, uniq_jorgrun

Skill      XL: |  1  2  3  4  5  6  7  8  9 10 11 12 13 |
---------------+----------------------------------------+-----
Shapeshifting  | 3 4 5 6 7 |  7.5
Stealth        | 1 2 3 4 5 7 8 10 11 12 | 12.2
Dodging        | 3 4 5 7 8 10 12 | 12.4
Unarmed Combat | 4 5 7 8 10 12 13 15 16 | 16.4
Fighting       | 2 3 4 5 6 7 |  7.8
Evocations     | 1 |  1.0

Action                     |  1- 3 |  4- 6 |  7- 9 | 10-12 | 13-15 || total
---------------------------+-------+-------+-------+-------+-------++-------
  Melee: Unarmed           |    79 |   183 |   342 |   607 |   254 ||  1465
         Bite              |     8 |    18 |    53 |    92 |    31 ||   202
         Punch             |     2 |     4 |    18 |    79 |    18 ||   121
  Evoke: Wand              |       |       |       |     7 |     1 ||     8
         Phantom mirror    |       |       |       |     1 |     1 ||     2
    Use: Scroll            |       |     8 |     4 |    11 |     4 ||    27
         Potion            |       |     1 |     5 |    10 |     4 ||    20
   Stab: Sleeping          |     1 |     5 |     8 |    16 |    12 ||    42
         Distracted        |       |     1 |     4 |     7 |     4 ||    16
 Armour: Skin              |    22 |    57 |    83 |   223 |    49 ||   434
  Dodge: Dodged            |    49 |   131 |   306 |   783 |   259 ||  1528
